 Dungeon Crawl Stone Soup version 0.23.2-1-ga50397a6bc (webtiles) character file.

Game seed: 18042872263530083793

3717 Mrkan the Grappler (level 9, -5/92 HPs)
             Began as a Troll Monk on May 21, 2019.
             Was a High Priest of Okawaru.
             Slain by a basilisk (6 damage)
             ... on level 8 of the Dungeon.
             The game lasted 00:14:27 (5812 turns).

Mrkan the Grappler (Troll Monk)                     Turns: 5812, Time: 00:14:28

Health: -5/92      AC:  6    Str: 21    XL:     9   Next: 92%
Magic:  8/8        EV:  9    Int:  6    God:    Okawaru [*****.]
Gold:   520        SH:  9    Dex: 15    Spells: 8/8 levels left

rFire    . . .     SeeInvis .     - Unarmed
rCold    . . .     Gourm    +   D - +0 shield
rNeg     . . .     Faith    .   a - +0 robe
rPois    +         Spirit   .   (helmet restricted)
rElec    .         Reflect  .   (no cloak)
rCorr    .         Harm     .   (gloves unavailable)
MR       .....                  (boots unavailable)
Stlth    ++........             (no amulet)
HPRegen  0.65/turn              i - ring of poison resistance
MPRegen  0.11/turn              (no ring)

@: hasted, very quick
A: large, unfitting armour, claws 3, fast metabolism 3, gourmand, regeneration
1, shaggy fur 1, tough skin 3
a: Heroism, Finesse, Renounce Religion


You were on level 8 of the Dungeon.
You worshipped Okawaru.
Okawaru was extremely pleased with you.
You were very hungry.

You visited 1 branch of the dungeon, and saw 8 of its levels.
You also visited: Sewer.

You collected 520 gold pieces.

Inventory:

Hand Weapons
 g - a +7 flail of holy wrath
 A - the +6 war axe of the Open Hand {elec, rPois rC- MR+ Str+4, unknown}
   (You found it on level 5 of the Dungeon)

   Occasionally, upon striking a foe, it will discharge some electrical energy
   and cause terrible harm.
   It affects your strength (+4).
   It makes you vulnerable to cold.
   It protects you from poison.
   It affects your resistance to hostile enchantments.
 F - a +2 whip of freezing
Missiles
 l - 4 large rocks (quivered)
 I - 2 exploding tomahawks
Armour
 a - a +0 robe (worn)
 D - a +0 shield (worn)
 E - a +2 pair of gloves
Jewellery
 i - a ring of poison resistance (left claw)
 t - a +3 ring of intelligence
 C - an uncursed amulet of regeneration {unknown}
 K - an uncursed ring of protection from fire {unknown}
Wands
 j - a wand of flame (18)
 u - a wand of acid (10)
 J - a wand of disintegration (14)
Scrolls
 c - 5 scrolls of blinking
 e - a scroll of random uselessness {unknown}
 f - 3 scrolls of teleportation
 h - 8 scrolls of remove curse
 m - a scroll of noise {unknown}
 n - 2 scrolls of enchant armour {unknown}
 r - 4 scrolls of magic mapping {unknown}
 s - a scroll of amnesia {unknown}
 x - 4 scrolls of fog {unknown}
 y - a scroll of fear {unknown}
 G - a scroll of identify
Potions
 d - 2 potions of degeneration {unknown}
 k - 2 potions of agility {unknown}
 o - a potion of flight {unknown}
 p - 4 potions of curing {unknown}
 q - 4 potions of haste
 v - 3 potions of brilliance
 w - 4 potions of might {unknown}
 z - 3 potions of magic {unknown}
 B - a potion of heal wounds {unknown}
 H - a potion of ambrosia {unknown}
Comestibles
 b - 11 rations


   Skills:
 + Level 6.8 Fighting
 - Level 5.8 Throwing
 - Level 2.4 Dodging
 - Level 1.0 Stealth
 * Level 4.3 Shields
 - Level 9.2 Unarmed Combat


You had 8 spell levels left.
You didn't know any spells.
Your spell library was empty.

Dungeon Overview and Level Annotations

Branches:
Dungeon (8/15)             Temple (0/1) D:4
   Lair: D:8-11

Altars:
Ashenzari
Elyvilon
Nemelex Xobeh
Okawaru
Vehumet
Wu Jian
Yredelemnul
Zin

Annotations:
D:4 exclusion: statue
D:8 1 runed translucent door, Mrkan's ghost, novice CeHu


Innate Abilities, Weirdness & Mutations

You are too large for most types of armour.
You have claws for hands.
Your metabolism is lightning-fast.
You like to eat raw meat.
Your natural rate of healing is unusually fast.
You are covered in fur. (AC +1)
You have extremely tough skin. (AC +3)


Message History

* * * LOW HITPOINT WARNING * * *
You have turned to stone.
The basilisk gazes at you. You resist with some effort.
The basilisk gazes at you. The basilisk bites you.
* * * LOW HITPOINT WARNING * * *
The basilisk gazes at you. The basilisk bites you.
* * * LOW HITPOINT WARNING * * *
The basilisk gazes at you. You resist with some effort. The basilisk bites you.
* * * LOW HITPOINT WARNING * * *
The basilisk bites you but does no damage.
The basilisk bites you!
* * * LOW HITPOINT WARNING * * *
You turn to flesh and can move again.
It was a potion of haste.
You feel yourself speed up. The basilisk bites you.
You die...

.....##..........#.......
.##...........#..#.......
..###.........##........#
..# #.........#.........#
..##....................#
...#................##..#
##....#.##..............#
##.####. #.....#..##....#
#...# ...####@.# ....#
#...# ##. #l.# ...#
..#....... #.... ..##
#.##...... ........#
...#...... ##...#...
..##...... #### .. ..#
##.### . ..# ## ..#


You could see a basilisk.

Vanquished Creatures
  Pikel (D:6)
  A hippogriff (D:8)
  A wyvern (D:8)
  A basilisk (D:8)
  Edmund (D:5)
  A water moccasin (D:8)
  A porcupine (D:8)
  An orc warrior (D:7)
  3 black bears
  2 slaves (D:6)
  2 ice beasts
  A sky beast (D:7)
  An ogre (D:6)
  A centaur (D:5)
  2 crocodiles (D:8)
  Blork the orc (D:5)
  A gnoll sergeant (D:7)
  5 bullfrogs
  A scorpion (D:5)
  3 wights (D:7)
  3 howler monkeys
  A jelly (D:7)
  A centaur zombie (D:8)
  A hound (D:7)
  3 orc wizards
  A centaur skeleton (D:4)
  5 worker ants
  A hound zombie (D:6)
  A worker ant zombie (D:5)
  18 adders
  7 gnolls
  4 river rats
  3 shadow imps
  3 oozes
  An adder skeleton (D:7)
  4 dart slugs
  5 leopard geckos
  13 orcs
  16 ball pythons
  8 bats
  6 giant cockroaches
  11 goblins
  7 hobgoblins
  3 jackals (D:8)
  3 quokkas
  11 frilled lizards
  9 kobolds
  A quokka skeleton (D:4)
  A quokka zombie (D:7)
  36 rats
218 creatures vanquished.

Vanquished Creatures (others)
  4 plants (D:8)
  2 withered plants (D:8)
6 creatures vanquished.

Grand Total: 224 creatures vanquished

Notes
Turn   | Place    | Note
-------+----------+-------------------------------------------
     0 | D:1      | Mrkan the Troll Monk began the quest for the Orb.
     0 | D:1      | Reached XP level 1. HP: 22/22 MP: 0/0
   161 | D:1      | Reached XP level 2. HP: 29/29 MP: 1/1
   230 | D:1      | Reached skill level 4 in Unarmed Combat
   402 | D:1      | Reached XP level 3. HP: 36/36 MP: 2/2
  1176 | D:2      | Reached XP level 4. HP: 44/44 MP: 3/3
  1205 | D:2      | Reached skill level 5 in Unarmed Combat
  1460 | D:2      | Found an iron altar of Okawaru.
  1469 | D:2      | Became a worshipper of Warmaster Okawaru
  1469 | D:2      | Reached * piety under Okawaru
  1469 | D:2      | Reached ** piety under Okawaru
  1601 | D:3      | Found a glowing silver altar of Zin.
  1709 | D:3      | Found a faded altar of an unknown god.
  1776 | D:3      | Found a sparkling altar of Nemelex Xobeh.
  2031 | D:3      | Reached XP level 5. HP: 49/50 MP: 4/4
  2035 | D:3      | Noticed an ice beast
  2043 | D:3      | Killed an ice beast
  2043 | D:3      | Reached skill level 6 in Unarmed Combat
  2285 | D:4      | Found a radiant altar of Vehumet.
  2286 | D:4      | Noticed a frost-covered statue
  2293 | D:4      | Reached XP level 6. HP: 59/59 MP: 5/5
  2344 | D:4      | Reached skill level 7 in Unarmed Combat
  2435 | D:4      | Found a staircase to the Ecumenical Temple.
  2541 | D:4      | Found a glowing drain.
  2570 | Sewer    | Entered a sewer
  2869 | Sewer    | Reached skill level 8 in Unarmed Combat
  2869 | Sewer    | Reached XP level 7. HP: 7/66 MP: 3/6
  3054 | D:5      | Entered Level 5 of the Dungeon
  3064 | D:5      | Noticed Edmund
  3069 | D:5      | Noticed Blork the orc
  3201 | D:5      | Killed Edmund
  3254 | D:5      | Reached *** piety under Okawaru
  3254 | D:5      | Reached skill level 9 in Unarmed Combat
  3581 | D:5      | Got an ancient war axe
  3596 | D:5      | Killed Blork the orc
  3596 | D:5      | Reached skill level 1 in Throwing
  3801 | D:5      | Reached XP level 8. HP: 75/75 MP: 7/7
  3942 | D:6      | Noticed Pikel
  4001 | D:6      | Killed Pikel
  4001 | D:6      | Reached **** piety under Okawaru
  4110 | D:6      | Reached skill level 5 in Fighting
  4227 | D:6      | Found a shattered altar of Ashenzari.
  4362 | D:6      | Found an ornate altar of the Wu Jian Council.
  4426 | D:7      | Reached skill level 5 in Throwing
  4426 | D:7      | Reached XP level 9. HP: 88/88 MP: 8/8
  4698 | D:7      | Found a white marble altar of Elyvilon.
  4799 | D:7      | Found a basalt altar of Yredelemnul.
  5130 | D:7      | Reached skill level 1 in Shields
  5162 | D:8      | Reached ***** piety under Okawaru
  5273 | D:8      | Received a gift from Okawaru
  5699 | D:8      | Found a runed translucent door.
  5699 | D:8      | Noticed Mrkan's ghost (novice CeHu)
  5811 | D:8      | HP: 1/92 [basilisk (8)]
  5812 | D:8      | Slain by a basilisk

Skill      XL: |  1  2  3  4  5  6  7  8  9 |
---------------+----------------------------+-----
Unarmed Combat | 4 5 6 8 9 |  9.2
Throwing       | 2 5 |  5.8
Fighting       | 3 5 6 |  6.8
Shields        | 4 |  4.3
Dodging        | |  2.4
Stealth        | |  1.0

Action                   |  1- 3 |  4- 6 |  7- 9 || total
-------------------------+-------+-------+-------++-------
Melee: Unarmed           |    96 |   191 |   292 ||   579
       Punch             |     1 |     3 |    12 ||    16
Invok: Heroism           |       |     1 |     1 ||     2
  Use: Scroll            |       |     4 |     2 ||     6
       Potion            |       |       |     1 ||     1
 Stab: Sleeping          |     6 |     4 |     4 ||    14
  Eat: Chunk             |    11 |    21 |    18 ||    50
Armor: Robe              |    54 |   106 |    70 ||   230
Dodge: Dodged            |    55 |   142 |   115 ||   312
Block: Shield            |       |       |    50 ||    50
